 Dungeon Crawl Stone Soup version 0.24.0-35-gdb84b6a5db (webtiles) character file.

Game seed: 12246629260564075330, levelgen mode: deterministic

30 Elektrikar the Grasshopper (level 3, -2/29 HPs)
             Began as a Centaur Warper on Nov 20, 2019.
             Slain by an ogre
             ... wielding a +0 giant club
              (16 damage)
             ... on level 2 of the Dungeon.
             The game lasted 00:10:12 (1174 turns).

Elektrikar the Grasshopper (Centaur Warper)         Turns: 1174, Time: 00:10:12

Health: -2/29      AC:  4    Str: 14    XL:     3   Next: 5%
Magic:  5/5        EV:  9    Int: 12    God:
Gold:   64         SH:  0    Dex:  8    Spells: 5/5 levels left

rFire    . . .     SeeInvis .   a - +0 falchion
rCold    . . .     Gourm    .   (no shield)
rNeg     . . .     Faith    .   b - +0 leather armour
rPois    .         Spirit   .   (no helmet)
rElec    .         Reflect  .   (no cloak)
rCorr    .         Harm     .   (no gloves)
MR       .....                  (no barding)
Stlth    ..........             (no amulet)
HPRegen  0.09/turn              (no ring)
MPRegen  0.09/turn              (no ring)

@: very quick
A: large, hooves 3, deformed body, speed 2, tough skin 3
a: no special abilities


You were on level 2 of the Dungeon.
You were not hungry.

You visited 1 branch of the dungeon, and saw 2 of its levels.

You collected 64 gold pieces.

Inventory:

Hand Weapons
 a - a +0 falchion (weapon)
Missiles
 e - 3 boomerangs of dispersal (quivered)
Armour
 b - a +0 leather armour (worn)
Scrolls
 c - a scroll of enchant armour {unknown}
 d - 2 scrolls of blinking
 g - a scroll of fog {unknown}
 h - 2 scrolls of identify {unknown}
 i - 2 scrolls of magic mapping {unknown}
Comestibles
 f - 4 rations


   Skills:
 + Level 2.1 Fighting
 + Level 2.3 Long Blades
 + Level 1.1 Throwing
 + Level 0.8 Armour
 + Level 1.9 Dodging
 + Level 0.1 Stealth
 + Level 1.8 Spellcasting
   Level 2.6 Translocations


You had 5 spell levels left.
You didn't know any spells.
Your spell library contained the following spells:

 Spells                   Type           Power        Failure   Level  Hunger
 Blink                    Tloc           N/A          17%         2    ###....
 Shroud of Golubria       Chrm/Tloc      #.....       30%         2    ###....
 Gell's Gravitas          Tloc           #.........   34%         3    ####...
 Lesser Beckoning         Tloc           #.........   34%         3    ####...
 Teleport Other           Tloc           #.......     34%         3    ####...
 Passage of Golubria      Tloc           N/A          75%         4    #####..


Dungeon Overview and Level Annotations

Branches:
Dungeon (2/15)

Altars:
Yredelemnul

Annotations:
D:2 1 runed translucent door


Innate Abilities, Weirdness & Mutations

You have hooves in place of feet.
Armour fits poorly on your strangely shaped body.
You cover ground very quickly.
You have extremely tough skin. (AC +3)


Message History

The ogre is moderately wounded.
Throwing (i - inventory)
e - 4 boomerangs of dispersal (quivered)
Press: ? - help, Shift-Dir - straight line, f/p - ogre
Aim: an ogre, wielding a +0 giant club (moderately wounded)
You throw a boomerang of dispersal.
The boomerang of dispersal hits the ogre.
The ogre blinks!
The ogre shouts!
Press: ? - help, v - describe, . - travel The floor.
You hit the ogre.
The ogre is heavily wounded.
The ogre closely misses you.
You riposte.
You hit the ogre.
The ogre is heavily wounded.
A goblin comes into view. It is wielding a +0 club.
You hit the ogre.
The ogre is heavily wounded.
The ogre hits you with a +0 giant club!
Ouch! That really hurt!
You die...

#)#........#
###.#........#
#..)#.....)..#
######.#†#<.....#.#
#.........#######.#
#...###...........
#...#p#....#.?....
#...#+#....#...#..
#....O@........#
#.g.#####..'#####
#.###...###..... #.
#._.# ....## #.
#...# ...... #####
....... #........
.......


You could see an ogre, a goblin and a neutral human.

Vanquished Creatures
  A worm (D:2)
  A dart slug (D:1)
  3 bats
  2 giant cockroaches (D:1)
  2 goblins (D:2)
  5 hobgoblins (D:1)
  2 kobolds (D:1)
  3 frilled lizards (D:1)
  A jackal zombie (D:2)
  4 rats
24 creatures vanquished.

Notes
Turn   | Place    | Note
-------+----------+-------------------------------------------
     0 | D:1      | Elektrikar the Centaur Warper began the quest for the Orb.
     0 | D:1      | Reached XP level 1. HP: 17/17 MP: 3/3
   262 | D:1      | Reached XP level 2. HP: 24/24 MP: 4/4
  1070 | D:2      | Found a runed translucent door.
  1070 | D:2      | Noticed a human
  1115 | D:2      | Reached XP level 3. HP: 26/29 MP: 5/5
  1123 | D:2      | Found a basalt altar of Yredelemnul.
  1138 | D:2      | Noticed an ogre
  1174 | D:2      | Slain by an ogre

Levels and vault maps discovered:
D:1:      minmay_arrival_wavy_path, layout_loops_ring
D:2:      layout_basic, ashenzari_conservatory_becter, dk_yredelemnul_ordeal

Skill      XL: |  1 |
---------------+----+-----
Long Blades    | 2 |  2.3
Fighting       | |  2.1
Throwing       | |  1.1
Armour         | |  0.8
Dodging        | |  1.9
Stealth        | |  0.1
Spellcasting   | |  1.8
Translocations | |  2.6

Action                   || total
-------------------------++-------
Melee: Falchion          ||    63
       Kick              ||     9
Throw: Boomerang         ||     2
Armor: Leather armour    ||    26
Dodge: Dodged            ||    39
       Rpst.: Falchion   ||    13
